 Dungeon Crawl Stone Soup version 0.22-a0-252-gcace5d2 (webtiles) character file.

35 Amnesiac the Ducker (level 3, 0/19 HPs)
             Began as a Spriggan Fighter on Mar 2, 2018.
             Slain by a worm (12 damage)
             ... on level 1 of the Dungeon.
             The game lasted 00:01:11 (992 turns).

Amnesiac the Ducker (Spriggan Fighter)               Turns: 992, Time: 00:01:12

Health: 0/19       AC:  2    Str: 13    XL:     3   Next: 16%
Magic:  4/4        EV: 20    Int:  9    God:
Gold:   55         SH:  6    Dex: 15    Spells: 2/2 levels left

rFire    . . .     SeeInvis +   a - +0 long sword
rCold    . . .     Gourm    .   c - +0 buckler
rNeg     . . .     Faith    .   b - +0 robe
rPois    .         Spirit   .   (helmet restricted)
rElec    .         Reflect  .   (no cloak)
rCorr    .         Harm     .   (gloves unavailable)
MR       .....                  (boots unavailable)
Stlth    +.........             (no amulet)
HPRegen  0.06/turn              (no ring)
MPRegen  0.09/turn              (no ring)

@: very quick
A: very small, unfitting armour, see invisible, herbivore, speed 3, slow
metabolism 2
a: no special abilities


You were on level 1 of the Dungeon.
You were not hungry.

You visited 1 branch of the dungeon, and saw 2 of its levels.

You collected 55 gold pieces.

Inventory:

Hand Weapons
 a - a +0 long sword (weapon)
Missiles
 i - 18 stones (quivered)
 k - 12 poisoned needles
Armour
 b - a +0 robe (worn)
 c - a +0 buckler (worn)
Scrolls
 e - 2 scrolls of identify {!r, unknown}
 g - a scroll of random uselessness {!r, unknown}
 h - a scroll of fog {!r, unknown}
 j - a scroll of immolation {!r, unknown}
 m - a scroll of enchant weapon {!r, unknown}
 n - 3 scrolls of fear {!r, unknown}
Potions
 d - a potion of might {!q}
 l - a potion of flight {!q, unknown}
 o - a potion of curing {!q, unknown}
Comestibles
 f - 2 rations


   Skills:
 + Level 2.6 Fighting
 - Level 2.0 Long Blades
 * Level 5.2 Dodging
 + Level 2.3 Shields


You had 2 spell levels left.
You didn't know any spells.

Dungeon Overview and Level Annotations

Branches:
Dungeon (2/15)

Altars:
Cheibriados
Xom


Innate Abilities, Weirdness & Mutations

You are very small and have problems with some larger weapons.
You are too small for most types of armour.
You have supernaturally acute eyesight. (SInv)
You are a herbivore.
You cover ground extremely quickly.
You need consume almost no food.


Message History

You block the frilled lizard's attack. You block the dart slug's attack.
You slash the dart slug!
The dart slug is almost dead.
The frilled lizard misses you. You block the frilled lizard's attack.
You hit the dart slug.
The dart slug is almost dead.
The kobold hits you. The dart slug bites you. The frilled lizard bites you.
You block the kobold's attack.
You slash the dart slug!
You kill the dart slug!
You block the frilled lizard's attack. The kobold closely misses you.
There are monsters nearby!
You closely miss the kobold. You block the frilled lizard's attack.
The kobold closely misses you.
You riposte.
You hit the kobold.
The kobold is heavily wounded.
A bat comes into view.
You hit the kobold.
You kill the kobold!
The frilled lizard misses you.
You riposte.
You hit the frilled lizard but do no damage.
The bat barely misses you. The worm bites you.
* * * LOW HITPOINT WARNING * * *
You block the frilled lizard's attack. The bat misses you.
A rat comes into view.
You barely miss the bat. The bat completely misses you.
You riposte.
You completely miss the bat. You block the bat's attack.
The frilled lizard misses you. You block the frilled lizard's attack.
You block the bat's attack. The bat misses you.
You riposte.
You barely miss the bat. The frilled lizard barely misses you.
Found a snail-covered altar of Cheibriados.
The bat misses you. The bat closely misses you. The bat misses you.
The bat misses you.
You riposte.
You miss the bat. The bat misses you. The bat closely misses you.
You slash the bat!
You kill the bat!
You hit the frilled lizard.
You kill the frilled lizard!
There is a stone staircase leading up here.
You climb upwards.
There is a stone staircase leading down here.
You start resting.
HP restored.
You start resting.
HP restored.
You climb downwards.
You block the worm's attack.
There is a stone staircase leading up here.
You climb upwards.
There is a stone staircase leading down here.
You hit the worm.
The worm is moderately wounded.
The worm completely misses you.
You hit the worm.
The worm is heavily wounded.
The worm bites you!
You hit the worm.
The worm is heavily wounded.
The worm bites you!
Ouch! That really hurt!
You die...

##################.#
#†# #.# #.# #.#
###########.######
#.................
#w#.##############
#@................
#.#.##############
#.#.............†.
#.##.....#########
#.##.....# #......
#.######## #......
##'##########......
#...........#......
#...........#......


You could see a worm.

Vanquished Creatures
  A dart slug (D:2)
  A leopard gecko (D:1)
  2 giant cockroaches (D:1)
  4 goblins (D:1)
  4 hobgoblins
  2 jackals (D:1)
  A ball python (D:1)
  4 bats
  A frilled lizard (D:2)
  5 kobolds
  2 rats (D:1)
27 creatures vanquished.

Notes
Turn   | Place    | Note
-------+----------+-------------------------------------------
     0 | D:1      | Amnesiac the Spriggan Fighter began the quest for the Orb.
     0 | D:1      | Reached XP level 1. HP: 11/11 MP: 2/2
   166 | D:1      | Reached XP level 2. HP: 14/16 MP: 3/3
   549 | D:1      | Reached skill level 5 in Dodging
   554 | D:1      | Found a shimmering altar of Xom.
   769 | D:2      | Reached XP level 3. HP: 19/19 MP: 4/4
   785 | D:2      | Found a snail-covered altar of Cheibriados.
   992 | D:1      | Slain by a worm

Vault maps used:
D:1:      tarquinn_simple_flora_water_d, xom_teletrap_fun
D:2:      old_standard_altar, uniq_sigmund

Skill      XL: |  1  2 |
---------------+-------+-----
Long Blades    | 2 |  2.0
Dodging        | 5 |  5.2
Fighting       | |  2.6
Shields        | |  2.3

Action                   || total
-------------------------++-------
Melee: Long sword        ||    84
 Stab: Sleeping          ||     2
Armor: Robe              ||     9
Dodge: Dodged            ||    78
Block: Buckler           ||    39
       Rpst.: Long sword ||    23

Table legend:
 A = Spawn XP
 B = Non-spawn XP
 C = Spawn XP percentage of total XP
 D = Spawn monster count
 E = Non-spawn monster count
 F = Spawn count percentage of total count
 G = Total turns spent on level
                    A         B        C        D         E        F      G
               +---------+---------+-------+---------+---------+-------+---------
         Total |       0 |      50 |   0.0 |       0 |      27 |   0.0 |   992
               +---------+---------+-------+---------+---------+-------+---------
           D:1 |       0 |      37 |   0.0 |       0 |      21 |   0.0 |   908
           D:2 |       0 |      13 |   0.0 |       0 |       6 |   0.0 |    84
               +---------+---------+-------+---------+---------+-------+---------
